 Dungeon Crawl Stone Soup version 0.25.1-3-ge44b62a0b3 (webtiles) character file.

Game seed: 16490505117050825991

148 Erymatos the Chopper (level 5, -7/70 HPs)
             Began as a Minotaur Berserker on Nov 20, 2020.
             Was a Believer of Trog.
             Mangled by Duvessa
             ... wielding a +0 rapier
              (12 damage)
             ... on level 4 of the Dungeon.
             The game lasted 00:01:36 (2197 turns).

Erymatos the Chopper (Minotaur Berserker)           Turns: 2197, Time: 00:01:37

Health: -7/70      AC:  4    Str: 22    XL:     5   Next: 8%
Magic:  4/4        EV: 12    Int:  4    God:    Trog [**....]
Gold:   87         SH:  0    Dex: 10    Spells: 4/4 levels left

rFire    + . .     SeeInvis .   a - +0 hand axe
rCold    . . .     Gourm    .   (no shield)
rNeg     . . .     Faith    .   l - +2 robe {rF+}
rPois    .         Spirit   .   (helmet restricted)
rElec    .         Reflect  .   (no cloak)
rCorr    .         Harm     .   (no gloves)
MR       .....                  (no boots)
Stlth    ..........             (no amulet)
HPRegen  0.21/turn              (no ring)
MPRegen  0.09/turn              (no ring)

@: berserking, glowing, very quick
A: retaliatory headbutt, horns 2
a: Berserk, Trog's Hand, Renounce Religion


You were on level 4 of the Dungeon.
You worshipped Trog.
Trog was pleased with you.
You were hungry.

You visited 1 branch of the dungeon, and saw 4 of its levels.

You collected 87 gold pieces.

Inventory:

Hand Weapons
 a - a +0 hand axe (weapon)
Armour
 b - a +0 animal skin
 l - a +2 robe of fire resistance (worn)
Scrolls
 d - a scroll of enchant armour {unknown}
 f - a scroll of enchant weapon {unknown}
 g - a scroll of blinking {unknown}
 h - a scroll of remove curse {unknown}
 i - 3 scrolls of teleportation {unknown}
 k - a scroll of fog {unknown}
 o - a scroll of amnesia {unknown}
Potions
 e - a potion of lignification {unknown}
 j - a potion of curing {unknown}
 m - a potion of cancellation {unknown}
 n - a potion of magic {unknown}
Comestibles
 c - 6 rations
 p - 3 chunks of flesh


   Skills:
 + Level 4.8 Fighting
 + Level 5.4 Axes
 + Level 2.9 Armour
 + Level 3.0 Dodging


You had 4 spell levels left.
You didn't know any spells.
Your spell library was empty.

Dungeon Overview and Level Annotations

Branches:
Dungeon (4/15)
 Temple: D:4-7

Altars:

Annotations:
D:4 Duvessa


Innate Abilities, Weirdness & Mutations

You reflexively headbutt those who attack you in melee.
You have a pair of horns on your head.


Message History

Duvessa weeps, then rights herself and shakes her weapon.
Duvessa goes berserk!
Your Dodging skill increases to level 3!
You have reached level 5!
You closely miss Duvessa. Duvessa closely misses you.
You barely miss Duvessa. Duvessa hits you with a +0 rapier.
Unknown command.
You slash Duvessa!
Duvessa is lightly wounded.
Duvessa hits you with a +0 rapier.
Unknown command.
You slash Duvessa! Your headbutt misses Duvessa.
Duvessa is moderately wounded.
Duvessa hits you with a +0 rapier!!
* * * LOW HITPOINT WARNING * * *
Unknown command.
You hit Duvessa but do no damage.
Duvessa is moderately wounded.
Duvessa hits you with a +0 rapier!
You die...

#.......#
.......+
.......#
#......#
+......#
#......#
#####..e...#
#....<@....#
#..........#
#......(...#
#..........#
#....###+####
+.... #....
#....


You could see Duvessa (berserk).

Vanquished Creatures
  Dowan (D:4)
  Jessica (D:3)
  2 adders (D:3)
  A worm (D:3)
  A dart slug (D:3)
  3 leopard geckos
  4 giant cockroaches
  4 goblins
  4 hobgoblins
  9 jackals
  3 kobolds
  A ball python (D:3)
  2 bats (D:3)
  4 frilled lizards
  9 rats
49 creatures vanquished.

Notes
Turn   | Place    | Note
-------+----------+-------------------------------------------
     0 | D:1      | Erymatos the Minotaur Berserker began the quest for the
                  | Orb.
     0 | D:1      | Reached XP level 1. HP: 19/19 MP: 0/0
   203 | D:1      | Reached XP level 2. HP: 27/27 MP: 1/1
   212 | D:1      | Reached skill level 4 in Axes
  1027 | D:2      | You fall into a shaft and drop 1 floor!
  1027 | D:3      | Noticed Jessica
  1031 | D:3      | Killed Jessica
  1031 | D:3      | Reached XP level 3. HP: 34/34 MP: 2/2
  1097 | D:3      | Reached ** piety under Trog
  1514 | D:3      | Reached XP level 4. HP: 37/41 MP: 3/3
  1523 | D:3      | Reached skill level 5 in Axes
  2186 | D:4      | Noticed Duvessa
  2186 | D:4      | Noticed Dowan
  2193 | D:4      | Killed Dowan
  2193 | D:4      | Reached XP level 5. HP: 35/47 MP: 4/4
  2197 | D:4      | Mangled by Duvessa

Illustrated notes

Levels and vault maps discovered:
D:1:      nicolae_arrival_memento_mori, layout_basic
D:2:      layout_loops_ring, grunt_temple_overflow_forces_of_nature
D:3:      layout_basic, minmay_crystal_room, grunt_ministairs_5, uniq_jessica
D:4:      layout_gridville, first_ration, serial_shops,
          nicolae_shop_overgrown_old_shop, uniq_duvessa

Skill      XL: |  1  2  3  4 |
---------------+-------------+-----
Axes           | 4 5 |  5.4
Fighting       | 4 |  4.8
Dodging        | 3 |  3.0
Armour         | |  2.9

Action                   |  1- 3 |  4- 6 || total
-------------------------+-------+-------++-------
Melee: Hand axe          |    71 |    35 ||   106
       Headbutt          |     8 |     6 ||    14
Invok: Berserk           |       |     2 ||     2
  Eat: Chunk             |     2 |     3 ||     5
Armor: Animal skin       |    10 |       ||    10
       Robe              |     4 |     6 ||    10
Dodge: Dodged            |    31 |    15 ||    46
